 Dungeon Crawl Stone Soup version 0.30-a0-726-gd89dcf765f (webtiles) character file.

Game seed: 260267458734589668

6048 Arximoufas the Destroyer (level 10, -8/75 HPs)
             Began as a Tengu Fire Elementalist on Jan 29, 2023.
             Was a High Priest of Sif Muna.
             Mangled by a death yak (10 damage)
             ... on level 1 of the Lair of Beasts.
             The game lasted 00:48:03 (12919 turns).

Arximoufas the Destroyer (Tengu Fire Elementalist) Turns: 12919, Time: 00:48:04

Health: -8/75      AC: 25    Str:  9    XL:     10   Next: 87%
Magic:  14/20      EV:  2    Int: 19    God:    Sif Muna [*****.]
Gold:   656        SH:  0    Dex: 21    Spells: 11/21 levels left

rFire   . . .      SeeInvis .    C - +2 dagger (drain)
rCold   . . .      Faith    .    (no shield)
rNeg    . . .      Spirit   .    (body armour currently unavailable)
rPois   +          Reflect  .    (helmet currently unavailable)
rElec   .          Harm     .    (cloak currently unavailable)
rCorr   .          Rampage  .    (gloves currently unavailable)
Will    .....      NoTele   +    (boots unavailable)
Stlth   +++                      b - amulet of magic regeneration
HPRegen 0.32/turn                x - +6 ring of dexterity
MPRegen 0.57/turn                (no ring)

@: brilliant, tree-form
A: stationary, stasis, torment immunity, boosted hp, (beak), (talons 3), nimble
flight
a: Renounce Religion, Channel Magic, Forget Spell, Divine Exegesis


You were on level 1 of the Lair of Beasts.
You worshipped Sif Muna.
Sif Muna was extremely pleased with you.
You were a tree.
You visited 3 branches of the dungeon, and saw 10 of its levels.
You also visited: Sewer.

You collected 656 gold pieces.

Inventory:

Hand Weapons
 C - a +2 dagger of draining (weapon)
Missiles
 m - a throwing net
 B - 8 curare-tipped darts
Armour
 a - a +0 robe (melded)
 k - a +1 ring mail of poison resistance
 A - a +0 pair of gloves (melded)
 G - a +0 cloak (melded)
Jewellery
 b - an amulet of magic regeneration (around neck)
 x - a +6 ring of dexterity (left branch)
 E - a ring of ice
Wands
 n - a wand of polymorph (16)
 q - a wand of roots (14)
 t - a wand of charming (7)
Scrolls
 d - 3 scrolls of fear
 f - a scroll of fog {unknown}
 g - a scroll of acquirement {unknown}
 j - 3 scrolls of vulnerability
 l - 2 scrolls of poison
 p - 3 scrolls of enchant weapon
 s - a scroll of torment {unknown}
 v - a scroll of summoning {unknown}
 y - a scroll of amnesia {unknown}
 z - 3 scrolls of brand weapon {unknown}
 F - a scroll of enchant armour {unknown}
 H - a scroll of magic mapping {unknown}
Potions
 c - a potion of resistance
 e - a potion of ambrosia
 h - a potion of might {unknown}
 o - 4 potions of lignification
 r - 2 potions of brilliance
 u - a potion of invisibility {unknown}
 w - a potion of mutation {unknown}
 D - a potion of haste {unknown}
 I - a potion of heal wounds


   Skills:
 - Level 2.1 Dodging
 - Level 5.0 Stealth
 + Level 6.3 Spellcasting
 + Level 12.2 Conjurations
 + Level 10.2 Fire Magic
 - Level 5.0 Ice Magic


You had 11 spell levels left.
You knew the following spells:

 Your Spells              Type           Power      Damage    Failure   Level
a - Foxfire               Conj/Fire      100%       2x1d9     1%          1
b - Scorch                Fire           100%       2d10      1%          2
c - Flame Wave            Conj/Fire      64%        2d15      1%          4
d - Ozocubu's Armour      Ice            37%        N/A       4%          3

Your spell library contained the following spells:

 Spells                   Type           Power      Damage    Failure   Level
 Magic Dart               Conj           100%       1d8       1%          1
 Searing Ray              Conj           100%       2d8       1%          2
 Sticky Flame             Conj/Fire      64%        2d8       1%          4
 Inner Flame              Hex/Fire       38%        N/A       4%          3
 Ignite Poison            Fire/Tmut/Pois 28%        N/A       9%          3
 Kindle Blastsparks       Fire/Tloc/Air  56%        2d14      9%          3
 Fulminant Prism          Conj/Hex       21%        3d12      9%          4
 Slow                     Hex            32%        N/A       11%         1
 Confusing Touch          Hex            8%         N/A       32%         3
 Portal Projectile        Hex/Tloc       16%        N/A       32%         3
 Tukima's Dance           Hex            8%         N/A       32%         3
 Vampiric Draining        Necr           8%         2d6       32%         3
 Blade Hands              Tmut           4%         N/A       97%         5
 Ozocubu's Refrigeration  Ice            18%        4d11      100%        7
 Ignition                 Fire           30%        3d10      100%        8


Dungeon Overview and Level Annotations

Branches:
Dungeon (8/15)             Temple (1/1) D:7            Lair (1/5) D:8
  Sewer (visited)

Altars:
Ashenzari
Cheibriados
Elyvilon
Gozag
Kikubaaqudgha
Okawaru
Qazlal
Ru
Sif Muna
Uskayaw
Vehumet
Wu Jian
Xom
Yredelemnul
Zin

Annotations:
D:8 3 runed translucent doors, atomjack's ghost, novice DsCK; kalosz4's ghost, novice SpHu


Innate Abilities, Weirdness & Mutations

You are a tree.
Your roots penetrate the ground, keeping you stationary.
You cannot be teleported.
You are immune to unholy pain and torment.
Your maximum health is greatly increased.
Your equipment is partially melded.
((You have a beak for a mouth.))
((You have claws for feet.))
Your magical nature lets you fly swiftly and evasively.


Message History

A wave of flame ripples out!
The flame wave engulfs the death yak.
The death yak is heavily wounded.
The flame wave engulfs the death yak!
The death yak is lightly wounded.
The death yak gores you!
A wave of flame ripples out!
The flame wave engulfs the death yak!
The death yak is severely wounded.
The flame wave engulfs the death yak!
The death yak is moderately wounded.
The flame wave engulfs the death yak!!
The death yak is moderately wounded.
You finish channelling waves of flame.
The death yak gores you!
The death yak gores you but does no damage.
Casting: Flame Wave (dangerous; 1% risk of failure)
Confirm with . or Enter, or press ? or * to list all spells.
Casting: Flame Wave (dangerous; 1% risk of failure)
Press: ? - help, Dir - look around, f - activate You feel a surge of power!
A wave of flame ripples out!
The flame wave engulfs the death yak.
The death yak is severely wounded.
The flame wave engulfs the death yak.
The death yak is moderately wounded.
The flame wave engulfs the death yak!
The death yak is heavily wounded. (Press . to intensify the flame waves.)
The sentinel's mark upon you fades away.
The death yak gores you.
* * * LOW HITPOINT WARNING * * *
The death yak gores you but does no damage.
The death yak gores you!!
* * * LOW HITPOINT WARNING * * *
A wave of flame ripples out!
The flame wave engulfs the death yak!!
You kill the death yak!
Sif Muna accepts your kill.
The flame wave engulfs the death yak!!
The death yak is heavily wounded.
The flame wave engulfs the death yak!
The death yak is severely wounded.
The death yak gores you!
You die...

.. ... ... .[.. ........#
..#.##+#.......#
........#.....#.......#
#.....†+.....#.......+
+......).....#........
#......#.....#.......#
#......#.....#.......#
#....♣†..Y...+.......#
#....YY#.............#
#..###..###.....###.###.#
#.....................>..
#........................
#....._..................
#........................
#..............####.####.
#..###.####....###..####.


You could see 3 death yaks.

Vanquished Creatures
  A death yak (Lair:1)
  Maurice (D:8)
  2 komodo dragons (Lair:1)
  Prince Ribbit (D:6)
  Sigmund (D:6)
  A yak (D:8)
  2 steam dragons
  An acid dragon (D:8)
  2 water moccasins (Lair:1)
  A sky beast (D:6)
  2 black bears
  An ice beast (D:6)
  An orc warrior (D:8)
  2 centaurs
  6 wolves (Lair:1)
  2 ogres
  3 phantoms
  5 kobold brigands
  6 bullfrogs
  A necrophage (D:4)
  6 scorpions
  9 wights (D:7)
  3 hounds (D:5)
  2 jellies
  6 orc priests
  A gnoll bouda (D:8)
  6 orc wizards
  3 iguanas
  A sickly merfolk siren (Sewer)
  A malarious merfolk avatar (Sewer)
  2 hound zombies (D:3)
  Robin (D:4)
  7 gnolls
  5 adders
  5 river rats
  2 shadow imps
  2 white imps
  An ufetubus (D:5)
  2 worms (D:5)
  2 dart slugs
  15 orcs
  6 bats
  8 endoplasms
  7 giant cockroaches
  12 hobgoblins
  16 jackals
  8 quokkas
  10 ball pythons
  A ball python zombie (D:3)
  5 frilled lizards
  13 goblins
  28 kobolds
  24 rats
262 creatures vanquished.

Vanquished Creatures (collateral kills)
  2 foxfires (D:1)
2 creatures vanquished.

Vanquished Creatures (others)
  856 foxfires
  12 plants
868 creatures vanquished.

Grand Total: 1132 creatures vanquished

Notes
Turn   | Place    | Note
-------+----------+-------------------------------------------
     0 | D:1      | Arximoufas the Tengu Fire Elementalist began the quest for
                  | the Orb.
     0 | D:1      | Reached XP level 1. HP: 10/10 MP: 4/4
   248 | D:1      | Found a faded altar of an unknown god.
   260 | D:1      | Prayed at the altar of an unknown god.
   260 | D:1      | Became a worshipper of Sif Muna the Loreminder
   260 | D:1      | Reached * piety under Sif Muna
   372 | D:1      | Reached XP level 2. HP: 15/15 MP: 3/6
   511 | D:1      | Reached skill level 2 in Conjurations
  1084 | D:1      | Reached XP level 3. HP: 13/19 MP: 2/7
  1371 | D:1      | Learned a level 2 spell: Scorch
  2162 | D:2      | You fall into a shaft and drop 2 floors!
  2221 | D:3      | Reached ** piety under Sif Muna
  2303 | D:3      | Found a basalt altar of Yredelemnul.
  2321 | D:3      | Found a glowing silver altar of Zin.
  2336 | D:3      | Reached skill level 3 in Conjurations
  2336 | D:3      | Reached XP level 4. HP: 18/24 MP: 2/8
  2575 | D:3      | Gained mutation: Your magical nature lets you fly swiftly
                  | and evasively. [Tengu growth]
  2575 | D:3      | Reached XP level 5. HP: 28/28 MP: 3/9
  2583 | D:3      | Found a glowing drain.
  2587 | Sewer    | Entered a sewer
  2889 | Sewer    | Reached skill level 4 in Conjurations
  2889 | Sewer    | Reached *** piety under Sif Muna
  3221 | Sewer    | Reached XP level 6. HP: 32/32 MP: 4/10
  4033 | D:3      | Reached skill level 5 in Fire Magic
  4769 | D:4      | Noticed Robin
  4810 | D:4      | Noticed a black bear
  4874 | D:4      | Found a shimmering blue altar of Sif Muna.
  4923 | D:4      | Found an ancient bone altar of Kikubaaqudgha.
  4951 | D:4      | Found a radiant altar of Vehumet.
  5114 | D:4      | Reached skill level 5 in Conjurations
  5235 | D:4      | Reached **** piety under Sif Muna
  5236 | D:4      | Reached XP level 7. HP: 36/36 MP: 3/12
  5358 | D:4      | Found a sacrificial altar of Ru.
  5483 | D:4      | Learned a level 4 spell: Flame Wave
  5600 | D:4      | Killed Robin
  5601 | D:4      | Reached skill level 5 in Stealth
  5945 | D:4      | Reached skill level 6 in Conjurations
  6470 | D:4      | Reached skill level 7 in Conjurations
  6555 | D:4      | Reached XP level 8. HP: 17/41 MP: 7/13
  7186 | D:5      | Entered Level 5 of the Dungeon
  7234 | D:5      | Found a shimmering altar of Xom.
  7342 | D:5      | Reached skill level 8 in Conjurations
  7620 | D:5      | Found a hide-covered altar of Uskayaw.
  7709 | D:5      | Reached skill level 9 in Conjurations
  8112 | D:5      | Reached skill level 10 in Conjurations
  8237 | D:5      | Reached ***** piety under Sif Muna
  8470 | D:5      | Found a broken altar of Ashenzari.
  8547 | D:5      | Received a gift from Sif Muna
  8630 | D:5      | Reached XP level 9. HP: 45/45 MP: 11/15
  8716 | D:6      | Found a snail-covered altar of Cheibriados.
  8881 | D:6      | Noticed Prince Ribbit
  8890 | D:6      | Killed Prince Ribbit
  9040 | D:6      | Reached skill level 5 in Spellcasting
  9316 | D:6      | Found an ornate altar of the Wu Jian Council.
  9470 | D:6      | Noticed Sigmund
  9474 | D:6      | Killed Sigmund
 10406 | D:7      | Reached skill level 11 in Conjurations
 10594 | D:7      | Learned a level 3 spell: Ozocubu's Armour
 10805 | D:7      | Found a stormy altar of Qazlal.
 10870 | D:7      | Reached skill level 1 in Ice Magic
 11193 | D:7      | Reached XP level 10. HP: 50/50 MP: 18/18
 11413 | D:7      | Found a staircase to the Ecumenical Temple.
 11421 | Temple   | Entered the Ecumenical Temple
 11738 | D:8      | Found an iron altar of Okawaru.
 11781 | D:8      | Found a white marble altar of Elyvilon.
 11893 | D:8      | Found a staircase to the Lair.
 11951 | D:8      | Noticed Maurice
 11975 | D:8      | Killed Maurice
 12032 | D:8      | Found a runed translucent gate.
 12032 | D:8      | Found a runed translucent gate.
 12033 | D:8      | Found a runed translucent gate.
 12035 | D:8      | Noticed kalosz4's ghost (novice SpHu)
 12035 | D:8      | Noticed atomjack's ghost (novice DsCK)
 12306 | D:8      | Reached skill level 10 in Fire Magic
 12416 | D:8      | Reached skill level 12 in Conjurations
 12758 | Lair:1   | Entered Level 1 of the Lair of Beasts
 12785 | Lair:1   | Received a gift from Sif Muna
 12799 | Lair:1   | Reached skill level 5 in Ice Magic
 12857 | Lair:1   | Found a basalt altar of Yredelemnul.
 12892 | Lair:1   | HP: 2/50 [komodo dragon (26)]
 12906 | Lair:1   | Noticed a death yak
 12907 | Lair:1   | Noticed a death yak
 12911 | Lair:1   | Noticed a death yak
 12915 | Lair:1   | Noticed a death yak
 12918 | Lair:1   | HP: 2/75 [death yak (20)]
 12919 | Lair:1   | Killed a death yak
 12919 | Lair:1   | Mangled by a death yak

Illustrated notes

Levels and vault maps discovered:
D:1:      evilmike_arrival_crescent, layout_loops_corners,
          ebering_ecumenical_altar_mist, minmay_hedge_maze
D:2:      layout_basic
D:3:      layout_basic, nicolae_yredelemnul_corpse_copse,
          mainiacjoe_overflow_small_starburst, gup_sewer_entry_bowl
D:4:      wad_river_or_something, layout_loops_cross,
          palyth_temple_overflow_mages, nicolae_ru_sacrificial_ziggurat,
          uniq_robin
D:5:      layout_cave_pods, lemuel_doored_altar,
          mainiacjoe_overflow_cross_hatched, mainiacjoe_overflow_alcove_2
D:6:      cheibrodos_thug_alley, layout_cave_pods, nzn_wu_jian_council_hall,
          cheibriados_altar_1, minivault_25, kennysheep_generic_room_4,
          uniq_sigmund, uniq_prince_ribbit1
D:7:      layout_loops_ring, kennysheep_mini_moat,
          minmay_temple_entry_enclosed_plants
D:8:      layout_rooms, mainiacjoe_overflow_brackets, okawaru_ov_weapons_minmay,
          gammafunk_ghost_cemetery, minmay_quadrilaterals, uniq_maurice
Temple:   ebering_the_one_and_only
Lair:1:   layout_regular_city, basic_altar

Skill      XL: |  1  2  3  4  5  6  7  8  9 10 |
---------------+-------------------------------+-----
Conjurations   | 2 3 4 5 7 10 11 12 | 12.2
Fire Magic     | 4 5 6 7 9 10 | 10.2
Stealth        | 3 4 5 |  5.0
Spellcasting   | 3 5 6 |  6.3
Ice Magic      | 2 5 |  5.0
Dodging        | |  2.1

Action                     |  1- 3 |  4- 6 |  7- 9 | 10-12 || total
---------------------------+-------+-------+-------+-------++-------
  Melee: Unarmed           |     1 |     2 |     1 |       ||     4
         Kick              |     1 |     2 |       |     2 ||     5
         Dagger            |       |       |       |     4 ||     4
         Peck              |       |       |       |     1 ||     1
   Cast: Foxfire           |    87 |   129 |   309 |    89 ||   614
         Scorch            |     5 |     9 |    51 |    36 ||   101
         Flame Wave        |       |       |       |     7 ||     7
         Ozocubu's Armour  |       |       |       |     2 ||     2
  Evoke: Wand              |       |       |     9 |     4 ||    13
    Use: Potion            |     1 |       |     2 |     8 ||    11
         Scroll            |       |     1 |     9 |     3 ||    13
 Armour: Robe              |    10 |     4 |     5 |    10 ||    29
         Skin              |       |       |       |     2 ||     2
  Dodge: Dodged            |    47 |    34 |    52 |    41 ||   174

Table legend: (Time is in decaauts)
 A = Elapsed time spent in this place.
 B = Non-inter-level travel time spent in this place.
 C = Inter-level travel time spent in this place.
 D = Time resting spent in this place.
 E = Time spent auto-exploring this place.
 F = Levels seen in this place.
 G = Mean time per level.
                   A        B        C        D        E       F      G
               +--------+--------+--------+--------+--------+-----+--------+
         Total |  12360 |  11751 |    609 |   3894 |   5164 |  11 | 1123.6 |
       Dungeon |  11362 |  10753 |    609 |   3481 |   4949 |   8 | 1420.2 |
        Temple |      4 |      4 |      0 |      0 |      0 |   1 |    4.0 |
          Lair |    156 |    156 |      0 |     48 |     35 |   1 |  156.0 |
         Sewer |    837 |    837 |      0 |    365 |    179 |   1 |  837.0 |
               +--------+--------+--------+--------+--------+-----+--------+

Top non-repeatable levels by time:
     D:4: 2228 daAuts
     D:7: 1741 daAuts
     D:1: 1708 daAuts
     D:5: 1402 daAuts
     D:3: 1303 daAuts
     D:6: 1129 daAuts
     D:8: 971 daAuts
     D:2: 877 daAuts
   Sewer: 837 daAuts
  Lair:1: 156 daAuts
  Temple: 4 daAuts
